 Dungeon Crawl Stone Soup version 0.27-a0-1123-g2f9bb313c0 (webtiles) character file.

Game seed: 1777879668075377991

71 karrick the Slasher (level 4, 24/34 HPs)
             Began as a Demonspawn Gladiator on May 4, 2021.
             Quit the game on level 3 of the Dungeon.
             The game lasted 00:02:12 (2760 turns).

karrick the Slasher (Demonspawn Gladiator)          Turns: 2760, Time: 00:02:12

Health: 24/34      AC:  4    Str: 16    XL:     4   Next: 5%
Magic:  4/4        EV: 12    Int:  9    God:
Gold:   82         SH:  4    Dex: 14    Spells: 3/3 levels left

rFire    . . .     SeeInvis .   a - +0 long sword
rCold    . . .     Faith    .   (no shield)
rNeg     . . .     Spirit   .   b - +0 leather armour
rPois    .         Reflect  .   c - +0 helmet
rElec    .         Harm     .   (no cloak)
rCorr    .         Rampage  .   (no gloves)
Will     .....                  (no boots)
Stlth    +.........             (no amulet)
HPRegen  0.11/turn              (no ring)
MPRegen  0.09/turn              (no ring)

@: no status effects
A: hooves 1, powered by pain 1, condensation shield
a: no special abilities


You were on level 3 of the Dungeon.
You visited 1 branch of the dungeon, and saw 3 of its levels.

You collected 82 gold pieces.

Inventory:

Hand Weapons
 a - a +0 long sword (weapon)
Missiles
 d - 3 throwing nets (quivered)
Armour
 b - a +0 leather armour (worn)
 c - a +0 helmet (worn)
Scrolls
 e - a scroll of silence {unknown}
 f - 2 scrolls of enchant armour {unknown}
 h - 2 scrolls of amnesia {unknown}
 j - 3 scrolls of blinking {unknown}
 l - 4 scrolls of identify {unknown}
 m - 3 scrolls of vulnerability {unknown}
Potions
 g - a potion of berserk rage {unknown}
 i - a potion of resistance {unknown}
 k - a potion of lignification
 n - a potion of magic {unknown}
 o - a potion of haste {unknown}


   Skills:
 + Level 2.5 Fighting
 + Level 3.2 Long Blades
 + Level 1.8 Throwing
 + Level 1.6 Armour
 + Level 3.0 Dodging
 + Level 0.3 Stealth
 + Level 0.1 Shields


You had 3 spell levels left.
You didn't know any spells.
Your spell library contained the following spells:

 Spells                   Type           Power      Damage    Failure   Level
 Animate Skeleton         Necr           0%         N/A       45%         1
 Pain                     Necr           0%         1d4       45%         1
 Vampiric Draining        Necr           0%         2d6       83%         3
 Animate Dead             Necr           0%         N/A       99%         4
 Agony                    Necr           0%         N/A       100%        5


Dungeon Overview and Level Annotations

Branches:
Dungeon (3/15)

Altars:


Innate Abilities, Weirdness & Mutations

You have large cloven feet.
You sometimes gain a little power by taking damage.
A meltable shield of frost defends you. (SH +4)


Message History

The worm is lightly wounded.
You completely miss the worm. Your kick misses the worm.
The worm is lightly wounded.
You block the worm's attack.
You slash the worm!
The worm is heavily wounded.
The worm closely misses you.
You hit the worm but do no damage. You kick the worm.
The worm is severely wounded.
You hit the worm.
The worm is almost dead.
The worm bites you.
You barely miss the worm.
The worm is severely wounded.
The worm closely misses you.
You hit the worm.
The worm is severely wounded.
The worm barely misses you.
You hit the worm. You kick the worm, but do no damage.
The worm is almost dead.
You slash the worm!
You kill the worm!
No target in view!
No target in view!
No target in view!
No target in view!
No target in view!
No target in view!
No target in view!
No target in view!
No target in view!
No target in view!
No target in view!
No target in view!
No target in view!
No target in view!
No target in view!
No target in view!
No target in view!
Are you sure you want to abandon this character and quit the game? (Confirm with "yes".)

.. ..####### #.......
##.##.......# #.......
.#...#.##.##.# #.......
.......#...#.#####......
#...........#.......†..
.##...#....#...##.......
....#.....##...##.......
#....)#........#..<....
...#.@.##.............
..........#.....#.......
#...#..........###......
##. #.#...#.....###.....
..##.##..##....##..# #..
... ######.....# .. ##.
.....###.# ### ..
####..##.# ##.....


There were no monsters in sight!

Vanquished Creatures
  2 adders
  3 worms
  3 dart slugs (D:3)
  2 ball pythons
  4 bats
  An endoplasm (D:2)
  2 giant cockroaches
  5 goblins
  4 hobgoblins
  A quokka (D:1)
  6 frilled lizards
  2 kobolds (D:3)
  4 rats
39 creatures vanquished.

Notes
Turn   | Place    | Note
-------+----------+-------------------------------------------
     0 | D:1      | karrick the Demonspawn Gladiator began the quest for the
                  | Orb.
     0 | D:1      | Reached XP level 1. HP: 16/16 MP: 1/1
   403 | D:1      | Gained mutation: A meltable shield of frost defends you.
                  | (SH +4) [demonic ancestry]
   403 | D:1      | Reached XP level 2. HP: 22/22 MP: 2/2
   427 | D:1      | Found a faded altar of an unknown god.
  1586 | D:2      | Reached skill level 1 in Armour
  1586 | D:2      | Gained mutation: You sometimes gain a little power by
                  | taking damage. [demonic ancestry]
  1586 | D:2      | Reached XP level 3. HP: 28/28 MP: 3/3
  1685 | D:2      | HP: 1/42 [adder (3)]
  2751 | D:3      | Gained mutation: You have large cloven feet. [demonic
                  | ancestry]
  2751 | D:3      | Reached XP level 4. HP: 29/34 MP: 4/4
  2760 | D:3      | Quit the game

Illustrated notes

Levels and vault maps discovered:
D:1:      amcnicky_arrival_flooded_fountain, layout_basic,
          hellmonk_ecumenical_altar_heavens_door, hangedman_decor_points,
          minivault_24
D:2:      layout_loops_ring
D:3:      layout_rooms, minivault_23, minivault_19, minmay_misc_feat_doors,
          hangedman_decor_clover_reticule, minivault_24, columned_hall_lemuel,
          uniq_crazy_yiuf_cottage

Skill      XL: |  1  2  3 |
---------------+----------+-----
Dodging        | 3 |  3.0
Armour         | 1 |  1.6
Long Blades    | 3 |  3.2
Fighting       | |  2.5
Throwing       | |  1.8
Stealth        | |  0.3
Shields        | |  0.1

Action                   |  1- 3 |  4- 6 || total
-------------------------+-------+-------++-------
Melee: Long sword        |   128 |     9 ||   137
       Kick              |       |     3 ||     3
  Use: Potion            |     1 |       ||     1
Armor: Leather armour    |    45 |       ||    45
       Skin              |     8 |       ||     8
Dodge: Dodged            |    77 |     3 ||    80
Block: Other             |    22 |     1 ||    23
       Rpst.: Long sword |    16 |       ||    16

Table legend: (Time is in decaauts)
 A = Elapsed time spent in this place.
 B = Non-inter-level travel time spent in this place.
 C = Inter-level travel time spent in this place.
 D = Time resting spent in this place.
 E = Time spent auto-exploring this place.
 F = Levels seen in this place.
 G = Mean time per level.
                   A        B        C        D        E       F      G
               +--------+--------+--------+--------+--------+-----+--------+
         Total |   2793 |   2744 |     49 |     38 |   2383 |   3 |  931.0 |
       Dungeon |   2793 |   2744 |     49 |     38 |   2383 |   3 |  931.0 |
               +--------+--------+--------+--------+--------+-----+--------+

Top non-repeatable levels by time:
     D:2: 1565 daAuts
     D:1: 636 daAuts
     D:3: 590 daAuts
